Map: Honorgrounds LE

Players

Railgan

  • Race: Zerg Zerg
  • League: Grandmaster
  • Spawn Location: 1:00

Spec - Winner!

  • Race: Protoss Protoss
  • League: Grandmaster
  • Spawn Location: 5:00

VOD

Have the link to the VOD?

Description

Time

  • Played on: Feb. 22, 2017, 6:05 p.m.
  • Length: 10:49
Show
View Real Time Build Order
Export as new Build Order

Railgan Zerg 

Build Orders: Hatch First, Swarm Host 

Get SALT Encoding   

  12  0:02  Drone  
  13  0:13  Overlord  
  13  0:18  Drone  
  14  0:31  Drone  
  14  0:32  Drone  
  16  0:36  Drone  
  17  0:54  Hatchery  
  17  0:56  Drone  
  17  1:03  Drone  
  18  1:12  Extractor  
  18  1:17  Spawning Pool  
  16  1:18  Drone  
  16  1:21  Drone  
  18  1:29  Drone  
  19  1:39  Drone  
  20  1:50  Overlord  
  20  2:01  Drone  
  20  2:06  Queen x2  
  26  2:08  Drone  
  26  2:15  Zergling x2  
  27  2:17  Drone  
  28  2:23  Drone  
  28  2:24  Metabolic Boost  
  28  2:28  Drone  
  30  2:37  Overlord  
  30  2:40  Drone  
  30  2:42  Queen  
  33  2:46  Queen  
  33  2:49  Drone  
  36  2:55  Evolution Chamber  
  35  3:02  Drone  
  35  3:04  Zergling x4  
  38  3:10  Zergling x2  
  38  3:12  Zergling x2  
  40  3:17  Drone x2, Overlord  
  40  3:19  Drone  
  43  3:21  Zerg Melee Weapons Level 1  
  44  3:27  Drone  
  44  3:33  Overlord  
  44  3:36  Drone x2  
  44  3:41  Drone x2  
  48  3:49  Zergling x4  
  50  3:56  Drone x2  
  50  3:58  Lair  
  50  4:00  Extractor  
  51  4:05  Drone  
  50  4:12  Drone x4  
  50  4:13  Hatchery  
  50  4:15  Overlord  
  53  4:17  Extractor x2  
  53  4:22  Overlord  
  51  4:29  Drone x2  
  53  4:31  Drone x2  
  53  4:32  Baneling Nest  
  53  4:33  Zergling x2  
  53  4:46  Drone x5  
  53  4:51  Zergling x2  
  59  4:57  Zergling x2  
  58  5:04  Drone x2  
  58  5:05  Drone  
  60  5:10  Spore Crawler  
  60  5:12  Drone, Zergling x2  
  60  5:13  Drone  
  60  5:14  Overlord  
  62  5:15  Burrow  
  61  5:23  Drone x2  
  61  5:24  Centrifical Hooks  
  61  5:25  Zerg Melee Weapons Level 2  
  63  5:30  Infestation Pit  
  63  5:32  Spore Crawler  
  61  5:38  Zergling x4  
  63  5:44  Spore Crawler  
  63  5:46  Queen  
  63  5:47  Drone  
  63  5:48  Drone, Zergling x4  
  68  5:50  Baneling  
  68  5:54  Drone  
  69  5:58  Drone  
  70  6:04  Drone  
  70  6:05  Overlord  
  70  6:08  Drone  
  72  6:11  Pathogen Glands  
  72  6:12  Drone x5  
  72  6:14  Extractor  
  72  6:15  Extractor  
  74  6:26  Overlord x2  
  74  6:36  Swarm Host  
  74  6:37  Swarm Host x2  
  74  6:39  Overlord  
  89  6:41  Overlord  
  89  6:49  Swarm Host  
  89  6:51  Drone  
  102  6:59  Swarm Host  
  102  7:00  Drone  
  112  7:02  Drone x2  
  112  7:06  Zergling x4  
  116  7:19  Drone x3  
  116  7:20  Drone x2  
  121  7:27  Overlord  
  121  7:30  Overlord  
  121  7:33  Hatchery  
  121  7:34  Overlord x2  
  121  7:35  Overlord  
  121  7:36  Overseer  
  120  7:38  Drone  
  121  7:48  Zergling x16  
  129  8:04  Drone  
  130  8:11  Drone x2  
  132  8:15  Swarm Host x2  
  132  8:16  Swarm Host x2  
  132  8:18  Baneling x4  
  132  8:19  Baneling x9  
  159  8:20  Zergling x2  
  159  8:26  Zergling x2  
  161  8:27  Hive  
  161  8:31  Evolution Chamber  
  161  8:33  Zergling x2, Queen x2  
  161  8:41  Hydralisk Den  
  161  8:45  Zergling x2  
  154  8:59  Infestor x2  
  154  9:00  Infestor  
  158  9:03  Zergling x6  
  160  9:13  Hydralisk  
  160  9:14  Hydralisk x3  
  160  9:15  Overlord x3  
  157  9:18  Queen  
  157  9:19  Queen  
  157  9:23  Zergling x4  
  160  9:24  Overlord x2  
  157  9:33  Overlord  
  157  9:37  Infestor  
  159  9:41  Zergling x12  
  165  10:00  Infestor  
  165  10:01  Infestor, Hatchery  
  165  10:03  Infestor x4  
  159  10:20  Zergling x2  
  159  10:21  Zergling x10  
Show
View Real Time Build Order
Export as new Build Order

Spec Protoss - Winner!

Build Orders: Nexus First, Oracle Opening 

Get SALT Encoding   

  12  0:01  Probe (Chrono Boost)  
  13  0:11  Probe (Chrono Boost)  
  14  0:19  Pylon  
  14  0:23  Probe (Chrono Boost)  
  15  0:37  Probe (Chrono Boost)  
  16  0:47  Probe (Chrono Boost)  
  17  0:59  Nexus  
  17  1:09  Gateway  
  17  1:12  Probe (Chrono Boost)  
  17  1:18  Assimilator  
  18  1:23  Probe (Chrono Boost)  
  19  1:26  Assimilator  
  19  1:33  Probe (Chrono Boost)  
  19  1:37  Pylon  
  20  1:44  Probe (Chrono Boost)  
  21  1:54  Probe (Chrono Boost)  
  21  1:59  Cybernetics Core  
  22  2:03  Zealot  
  22  2:07  Probe (Chrono Boost)  
  25  2:11  Probe (Chrono Boost)  
  26  2:17  Probe (Chrono Boost)  
  26  2:22  Probe (Chrono Boost)  
  28  2:28  Probe (Chrono Boost)  
  29  2:33  Probe (Chrono Boost)  
  29  2:34  Adept  
  29  2:35  Warp Gate  
  32  2:39  Probe (Chrono Boost)  
  32  2:43  Probe (Chrono Boost)  
  34  2:50  Probe (Chrono Boost)  
  35  2:54  Probe (Chrono Boost)  
  35  3:01  Mothership Core (Chrono Boost), Adept  
  39  3:11  Stargate, Probe (Chrono Boost)  
  40  3:15  Pylon  
  40  3:19  Probe (Chrono Boost)  
  41  3:22  Probe (Chrono Boost)  
  42  3:29  Adept  
  42  3:30  Probe (Chrono Boost)  
  42  3:32  Probe (Chrono Boost)  
  46  3:40  Probe (Chrono Boost)  
  47  3:43  Probe (Chrono Boost)  
  47  3:44  Nexus  
  48  3:51  Pylon  
  48  3:52  Probe (Chrono Boost)  
  48  3:53  Probe (Chrono Boost)  
  49  3:56  Oracle  
  49  4:02  Probe (Chrono Boost)  
  53  4:06  Probe (Chrono Boost)  
  54  4:13  Probe (Chrono Boost)  
  54  4:14  Assimilator  
  56  4:17  Assimilator  
  56  4:18  Probe (Chrono Boost)  
  56  4:21  Pylon  
  56  4:23  Probe (Chrono Boost)  
  57  4:28  Gateway  
  57  4:30  Probe (Chrono Boost)  
  57  4:31  Phoenix  
  58  4:32  Gateway  
  58  4:34  Probe (Chrono Boost)  
  61  4:42  Probe (Chrono Boost)  
  61  4:44  Probe (Chrono Boost)  
  63  4:45  Adept  
  66  4:54  Probe (Chrono Boost)  
  66  4:55  Probe (Chrono Boost)  
  66  4:57  Probe (Chrono Boost)  
  68  5:05  Probe (Chrono Boost)  
  68  5:06  Probe (Chrono Boost)  
  70  5:08  Probe (Chrono Boost)  
  70  5:10  Protoss Air Weapons Level 1  
  70  5:12  Stargate  
  71  5:17  Fleet Beacon  
  71  5:18  Stargate, Probe (Chrono Boost)  
  71  5:20  Probe (Chrono Boost)  
  73  5:21  Adept  
  76  5:28  Probe (Chrono Boost), Assimilator  
  76  5:30  Probe (Chrono Boost)  
  76  5:31  Oracle  
  76  5:32  Assimilator  
  77  5:38  Probe (Chrono Boost)  
  77  5:40  Pylon  
  77  5:42  Probe (Chrono Boost)  
  82  5:46  Probe (Chrono Boost)  
  82  5:48  Adept  
  85  5:58  Probe (Chrono Boost)  
  85  5:59  Forge  
  85  6:00  Probe x2 (Chrono Boost)  
  88  6:09  Probe (Chrono Boost)  
  89  6:14  Probe (Chrono Boost)  
  89  6:17  Adept  
  92  6:20  Probe (Chrono Boost)  
  92  6:21  Pylon  
  93  6:25  Pylon  
  93  6:30  Pylon  
  93  6:32  Carrier  
  93  6:36  Pylon  
  93  6:39  Carrier  
  99  6:40  Photon Cannon  
  105  6:47  Photon Cannon  
  105  6:48  Carrier  
  105  6:51  Pylon  
  111  7:00  Graviton Catapult  
  111  7:01  Adept x3  
  115  7:03  Twilight Council  
  115  7:07  Pylon  
  117  7:10  Photon Cannon x2  
  117  7:11  Photon Cannon  
  117  7:21  Photon Cannon  
  117  7:22  Protoss Air Weapons Level 2  
  117  7:23  Photon Cannon  
  117  7:29  Pylon  
  117  7:30  Protoss Ground Weapons Level 1  
  117  7:43  Templar Archives  
  117  7:47  Pylon  
  117  7:48  Carrier  
  117  7:50  Probe (Chrono Boost)  
  118  7:52  Pylon  
  118  7:55  Pylon  
  124  8:06  Carrier  
  124  8:12  Probe (Chrono Boost)  
  133  8:13  Probe (Chrono Boost)  
  133  8:14  Probe (Chrono Boost)  
  133  8:17  Carrier  
  133  8:18  Pylon  
  133  8:19  Psionic Storm  
  137  8:20  Pylon  
  137  8:29  Photon Cannon  
  137  8:31  Photon Cannon  
  137  8:32  High Templar x2  
  137  8:33  Zealot  
  143  8:40  Gateway x2  
  143  8:42  Gateway  
  143  8:47  Robotics Facility  
  143  8:58  Adept  
  145  9:02  Carrier  
  145  9:05  Photon Cannon  
  145  9:07  Photon Cannon  
  145  9:08  Photon Cannon  
  134  9:11  Photon Cannon  
  134  9:13  High Templar  
  134  9:16  Photon Cannon, Probe (Chrono Boost)  
  120  9:18  Probe x2 (Chrono Boost)  
  120  9:20  Zealot  
  122  9:27  Probe (Chrono Boost)  
  122  9:30  Probe x2 (Chrono Boost)  
  125  9:35  Observer  
  125  9:37  Probe (Chrono Boost)  
  127  9:42  Probe x2 (Chrono Boost)  
  129  9:48  Probe (Chrono Boost)  
  129  9:52  Photon Cannon  
  131  9:54  Probe (Chrono Boost)  
  131  9:56  Probe (Chrono Boost)  
  131  9:58  Probe (Chrono Boost)  
  139  10:12  Probe (Chrono Boost)  
  137  10:25  Nexus, Probe (Chrono Boost)  
  137  10:28  Pylon  
  138  10:29  Zealot, High Templar x5  
Tags
 
Add a new tag
Caveats
  • Supply blocks, unpowered buildings, or Contaminate may cause inaccurate times.
  • Supply counts are checked every 10 seconds.